 Dungeon Crawl Stone Soup version 0.18-a0-1595-g0d04c30 (console) character file.

231 sorlin the Sneak (level 6, 0/37 HPs)
             Began as a Kobold Berserker on Mar 20, 2016.
             Was a Believer of Trog.
             Slain by a giant gecko (2 damage)
             ... on level 3 of the Dungeon.
             The game lasted 00:07:27 (3404 turns).

sorlin the Sneak (Kobold Berserker)                 Turns: 3404, Time: 00:07:28

Health: 0/37       AC:  2    Str: 20 (23) XL:     6   Next: 24%
Magic:  6/6        EV: 15    Int:  2 (5)  God:    Trog [**....]
Gold:   173        SH:  0    Dex: 14 (15) Spells: 0 memorised, 5 levels left

rFire  . . .     SeeInvis +     a - +0 short sword
rCold  . . .     Gourm    .     m - +0 animal skin
rNeg   . . .     Faith    .     (shield restricted)
rPois  .         Spirit   .     (no helmet)
rElec  .         Dismiss  .     (no cloak)
rCorr  .         Reflect  .     (no gloves)
SustAt .         Harm     .     (no boots)
MR     ++...                    (no amulet)
Stlth  ++++......               (no ring)
                                q - ring of see invisible

@: mighty, exhausted, regenerating, slowed, very slow, very resistant to hostile
enchantments, stealthy
A: carnivore 3
a: Berserk, Trog's Hand, Burn Spellbooks, Renounce Religion


You were on level 3 of the Dungeon.
You worshipped Trog.
Trog was pleased with you.
You were very full.

You visited 1 branch of the dungeon, and saw 3 of its levels.

You collected 173 gold pieces.


Innate Abilities, Weirdness & Mutations

You are small and have problems with some larger weapons.
You are carnivorous and can eat meat at any time.


   Skills:
 - Level 3.2 Fighting
 + Level 5.9 Short Blades
 - Level 1.5 Armour
 - Level 2.4 Dodging
 * Level 6.6 Stealth


You had 5 spell levels left.
You didn't know any spells.

Inventory:

Hand Weapons
 a - a +0 short sword (weapon)
 b - a +0 hunting sling
 l - a cursed -3 dagger
Missiles
 h - 5 needles of frenzy
 n - 18 poisoned sling bullets
 v - 14 poisoned needles
Armour
 m - a +0 animal skin (worn)
Jewellery
 q - a ring of see invisible (left hand)
 s - an uncursed ring of fire
Scrolls
 d - 3 scrolls of teleportation {unknown}
 e - a scroll of amnesia {unknown}
 f - a scroll of magic mapping {unknown}
 g - 2 scrolls of blinking {unknown}
 j - a scroll of identify {unknown}
 o - a scroll of fear {unknown}
Potions
 i - a potion of might {!q}
 p - a potion of mutation {unknown}
 r - a potion of flight {unknown}
 t - a potion of brilliance {unknown}
 u - a potion of curing {unknown}
Comestibles
 c - 4 meat rations {!e}
 w - a chunk of flesh


Message History

Your skin crawls.
You feel resistant to hostile enchantments.
You feel slightly less full. The giant gecko bites you.
* * * LOW HITPOINT WARNING * * *
The giant gecko closely misses you.
The goblin unwields an uncursed hunting sling.
The goblin hits you.
* * * LOW HITPOINT WARNING * * *
You take 1 damage.
The giant gecko misses you.
The goblin wields an uncursed hunting sling.
The goblin shoots a stone.
The stone hits you but does no damage. The giant gecko barely misses you.
Items here: $ ( ) † a stone; a dagger; 9 gold pieces; a goblin corpse You closely miss the giant gecko.
The giant gecko is moderately wounded.
The giant gecko barely misses you.
The goblin shoots a stone.
The stone hits you.
* * * LOW HITPOINT WARNING * * *
The giant gecko bites you.
* * * LOW HITPOINT WARNING * * *
You take 8 damage.
You hit the giant gecko.
The giant gecko is heavily wounded.
The goblin shoots a stone.
The stone hits you but does no damage. The giant gecko closely misses you.
You hit the orc but do no damage. The orc closely misses you.
The giant gecko closely misses you. x2
You hit the orc.
The orc is moderately wounded.
The orc hits you with a flail of crushing!
* * * LOW HITPOINT WARNING * * *
x2 The giant gecko closely misses you.
You take 11 damage.
Okay, then.
Drink which item? (? for menu, Esc to quit)
It was a potion of might.
You feel very mighty all of a sudden.
The orc hits you with a flail of crushing.
* * * LOW HITPOINT WARNING * * *
x2 The giant gecko misses you.
The goblin closely misses you.
The goblin unwields an uncursed hunting sling.
The goblin hits you.
* * * LOW HITPOINT WARNING * * *
The orc misses you. The giant gecko closely misses you.
You take 4 damage.
Drink which item? (? for menu, Esc to quit)
It was a potion of degeneration.
There was something very wrong with that liquid.
You feel weakened.
You feel dopey.
You feel clumsy.
You feel the effects of Trog's Hand fading.
The goblin misses you. The giant gecko bites you.
You die...

..... #.# ..##.# ..#
...#.##### #..# ...#.....
...# ..##.... ##...#
..##...## #...# ..##....###
#...# ..##......# ##...#
........#.# ###(.%##
(.#.▒...#.# ###.l†..#
...▒.▒..#.# ##..@o†.##
(.▒...▒...# #...gg###
.▒.....▒..###...###
.▒.≈≈≈.▒..##...## ####
.▒≈...≈▒..##...# #..#
.▒≈._.≈▒..##...# #..#
.▒≈...≈▒..##..## #..#
.▒.≈≈≈.▒..#...# #..#
.▒.....▒..#.÷.# #..#
#.▒...▒.#.#..###########..#
...▒.▒....#...#.#..#..##..#


You could see an orc, a giant gecko and 2 goblins.

Vanquished Creatures
  2 orc priests (D:3)
  An orc wizard (D:3)
  Robin (D:3)
  3 gnolls (D:2)
  2 adders
  An ooze (D:3)
  3 worms (D:2)
  4 giant geckos
  An orc (D:3)
  2 ball pythons (D:1)
  3 bats
  2 giant cockroaches
  13 goblins
  5 hobgoblins
  7 jackals
  A quokka (D:2)
  4 giant newts
  7 kobolds
  8 rats
70 creatures vanquished.

Notes
Turn   | Place    | Note
--------------------------------------------------------------
     0 | D:1      | sorlin the Kobold Berserker began the quest for the Orb.
     0 | D:1      | Reached XP level 1. HP: 14/14 MP: 1/1
   420 | D:1      | Reached skill level 1 in Stealth
   427 | D:1      | Reached XP level 2. HP: 10/19 MP: 2/2
   429 | D:1      | HP: 8/28 [goblin/dagger (1)]
   574 | D:1      | HP: 5/19 [ball python (1)]
   580 | D:1      | HP: 5/28 [bat (1)]
   582 | D:1      | Reached skill level 2 in Stealth
  1381 | D:2      | Found a stormy altar of Qazlal.
  1381 | D:2      | Found a blossoming altar of Fedhas.
  1462 | D:2      | Reached XP level 3. HP: 14/23 MP: 3/3
  1534 | D:2      | Found a snail-covered altar of Cheibriados.
  1611 | D:2      | Reached skill level 3 in Stealth
  1759 | D:2      | Reached ** piety under Trog
  2237 | D:2      | Reached XP level 4. HP: 28/28 MP: 4/4
  2394 | D:2      | Reached skill level 4 in Stealth
  2403 | D:2      | Reached skill level 5 in Short Blades
  2630 | D:3      | Found a sacrificial altar of Ru.
  2921 | D:3      | Reached skill level 5 in Stealth
  2921 | D:3      | Reached XP level 5. HP: 32/32 MP: 5/5
  2929 | D:3      | Reached skill level 6 in Stealth
  2948 | D:3      | Reached XP level 6. HP: 16/37 MP: 6/6
  3211 | D:3      | Found a blossoming altar of Fedhas.
  3369 | D:3      | Noticed Robin
  3383 | D:3      | Killed Robin
  3402 | D:3      | HP: 7/37 [orc/flail of crushing (10)]
  3403 | D:3      | HP: 3/37 [orc/flail of crushing (4)]
  3403 | D:3      | HP: 1/37 [goblin[Robin] (1)]
  3404 | D:3      | Slain by a giant gecko

Vault maps used:
D:1:      minmay_arrival_glassed_features
D:2:      grunt_temple_overflow_forces_of_nature, lemuel_round_altar,
          first_bread
D:3:      minmay_door_path, nicolae_ru_awakened_eye, serial_curves,
          eino_curves_02, eino_curves_04, fedhas_altar_4, uniq_robin

Action                   |  1- 3 |  4- 6 || total
-------------------------+-------+-------++-------
Melee: Short sword       |   105 |   106 ||   211
 Fire: Hunting sling     |       |     3 ||     3
Invok: Berserk           |     4 |     3 ||     7
       Trog's Hand       |       |     1 ||     1
  Use: Potion            |       |     2 ||     2
 Stab: Sleeping          |     5 |     3 ||     8
  Eat: Chunk             |    15 |     7 ||    22
